[Event "*** SCC Grand Prix: Titled Tuesday Blitz"]
[Site "Chess.com"]
[Date "2020.10.13"]
[Round "5"]
[White "CarlssonLudvig"]
[Black "NMZanette"]
[Result "1-0"]
[WhiteElo "2483"]
[BlackElo "2244"]
[TimeControl "180+1"]
[EndTime "10:57:55 PDT"]
[Termination "CarlssonLudvig won by resignation"]

1. c4 f5 2. Nc3 Nf6 3. g3 g6 4. Bg2 Bg7 5. d3 O-O 6. e4 d6 7. Nge2 Nc6 8. O-O e5 9. h3 fxe4 10.
dxe4 Be6 11. Nd5 Ne7 12. Be3 c6 13. Nxf6+ Bxf6 14. b3 Qd7 15. Kh2 d5 16. cxd5 cxd5 17. exd5 Nxd5 18. Bh6 Rfd8 19. Rc1 Qb5 20. Bxd5 Rxd5 21.
Nc3 Rxd1 22. Nxb5 Rxf1 23. Rxf1 Bd7 24. Nc7 Rc8 25. Nd5 Bd8 26. Rd1 Bc6 27. Be3 a6 28.
Rc1 Kf7 29. Nc3 Ba5 30. Ne4 Rd8 31. f3 Bxe4 32. fxe4 Rd7 33. Kg2 Bd2 34. Rd1 Ke6 35. Rxd2 Rc7 36. Kf3 Rf7+ 37. Ke2 Rc7 38. Kd1 Rf7 39.
Rf2 Rd7+ 40. Kc2 Rc7+ 41. Kb2 Rd7 42. Rd2 Rf7 43. Bf2 Rf3 44. Re2 Rd3 45. Be1 Rf3 46. h4 Rf1 47. Kc2 Rf3 48. Kd2 Rf7 49. Re3 Rc7 50.
Rc3 Rd7+ 51. Ke2 Rf7 52. Bf2 Rd7 53. Be3 Rf7 54. Bb6 Kd6 55. Rc7 Rxc7 56. Bxc7+ Kxc7 57. Kd3 b5 58. Kc3 Kb6 59. b4 a5 60. a3 a4 61. Kd3 h5 62. Ke3 Kc6 63. Kf3 Kd6 64.
g4 Ke6 65. Kg3 Kf6 66. Kf3 Ke6 67. Kg2 Kf6 68. Kh2 hxg4 69. Kg3 g5 70. Kxg4 gxh4 71. Kxh4 Kg6 72. Kg4 Kf6 73. Kh5 Kf7 74. Kg5 Ke7 75. Kf5 Kd6 76. Kf6 Kd7 77. Kxe5 Ke7 78. Kd5 Kd7 79. e5 Ke7 80. Kc5 Ke6 81. Kxb5 Kxe5 82. Kxa4 1-0

[Event "*** SCC Grand Prix: Titled Tuesday Blitz"]
[Site "Chess.com"]
[Date "2020.10.13"]
[Round "5"]
[White "wonderfultime"]
[Black "Harsha_Bharathakoti"]
[Result "0-1"]
[WhiteElo "2912"]
[BlackElo "2773"]
[TimeControl "180+1"]
[EndTime "10:57:57 PDT"]
[Termination "Harsha_Bharathakoti won by resignation"]

1. d4 d5 2. Nf3 Nf6 3. Bf4 e6 4. e3 Bd6 5. Nbd2 O-O 6. Bd3 b6 7. O-O Ba6 8. Bg5 Bxd3 9. cxd3 Nbd7 10. Rc1 c5 11. Qa4 h6 12. Bh4 Qb8 13. Bg3 Rc8 14. Rc2 Bxg3 15. hxg3 cxd4 16. Nxd4 Nc5 17. Qa3 Qb7 18. Rfc1 a5 19. N2f3 Nfd7 20. Nb5 Qa6 21. Nd6 Rd8 22. d4 Nd3 23. Rd1 Nb4 24. Rc7 Ra7 25. Rxa7 Qxa7 26. Rc1 Nf6 27. Nb5 Qd7 28.
Nc3 Rc8 29. Qb3 Ne4 30. a3 Nd3 31. Rc2 Ndxf2 32. Rxf2 Nxf2 33. Kxf2 Qc7 34. Qb5 Qc6 35. Qxc6 Rxc6 36. Ne5 Rc8 37. g4 f6 38. Nd3 Kf7 39. Ke2 Ke7 40. Kd2 g5 41. Na4 Rb8 42. Nc1 Kd6 43.
Ne2 Kc6 44. Ng3 Rf8 45. Nc3 f5 46. gxf5 exf5 47. Nge2 f4 48. exf4 gxf4 49. Ke1 f3 50.
gxf3 Rxf3 51. Ng1 Rf4 52. Nce2 Rf6 53. Ng3 Kb5 54. N1e2 Kc4 55. Nf1 Kd3 56. Nfg3 a4 57.
Nc3 Kxd4 58. Nxa4 Kc4 59. Nc3 d4 60. Nce4 Re6 61. Kd2 h5 62. Ng5 Rg6 63. N3e4 h4 64.
Kc2 d3+ 65. Kd2 Kd4 66. Ke1 Ke3 67. Kd1 h3 68. Nxh3 Kxe4 69. Kd2 Rg2+ 70. Kc3 Rc2+ 71. Kb3 Rc6 72. Nf2+ Ke3 73. Nxd3 Kxd3 74. Kb4 Rc2 75. b3 Rb2 76. a4 Kd4 77. Ka3 Rb1 78.
Kb4 Kd5 79. Kc3 Kc5 80. Kc2 Rh1 0-1

[Event "*** SCC Grand Prix: Titled Tuesday Blitz"]
[Site "Chess.com"]
[Date "2020.10.13"]
[Round "5"]
[White "smshk35"]
[Black "teacher4chess"]
[Result "1-0"]
[WhiteElo "2473"]
[BlackElo "2032"]
[TimeControl "180+1"]
[EndTime "10:58:01 PDT"]
[Termination "smshk35 won by checkmate"]

1. e4 Nf6 2. e5 Nd5 3. d4 Nb6 4. Nf3 d5 5. exd6 cxd6 6. c4 g6 7. Nc3 Bg7 8. Be3 Bg4 9. h3 Bxf3 10. Qxf3 Nc6 11. Qd1 d5 12. c5 Nc4 13. Bxc4 dxc4 14. d5 Nb4 15. O-O Bxc3 16. bxc3 Nxd5 17. Bh6 Nxc3 18. Qf3 Qd3 19. Qxb7 Ne2+ 20. Kh1 Rd8 21. Qb5+ Rd7 22. Rad1 Qf5 23. c6 Rc7 24. Qxc4 f6 25.
Qxe2 Kf7 26. Qc4+ Qe6 27. Qxe6+ Kxe6 28. Rfe1+ Kf7 29. Rd7 Rxd7 30. cxd7 Rd8 31. Be3 Rxd7 32. Rb1 e5 33. Kg1 f5 34. Rb5 f4 35. Bc5 Ke6 36. Ra5 Rc7 37. f3 Kf5 38. Bxa7 Rc1+ 39. Kh2 Rc2 40. Bd4 Re2 41. Bxe5 Rxe5 42. Rxe5+ Kxe5 43. h4 Kd4 44. h5 g5 45. Kh3 h6 46.
Kg4 Kc3 47. Kf5 Kb2 48. Kg6 Kxa2 49. Kxh6 Kb3 50. Kxg5 Kc4 51. h6 Kd5 52. h7 Kd4 53. h8=Q+ Ke3 54. Qe5+ Kf2 55. Qxf4 Kxg2 56. Qg4+ Kf2 57.
f4 Kf1 58. f5 Ke1 59. f6 Kd2 60. f7 Ke3 61. f8=Q Kd3 62. Qff3+ Kd2 63. Qgf4+ Ke1 64.
Q4e4+ Kd2 65. Qd5+ Kc2 66. Qc6+ Kd2 67. Qfd5+ Ke2 68.
Qde6+ Kd3 69. Qb5+ Kd4 70. Qf6+ Ke4 71. Qe8+ Kd3 72.
Qf5+ Kd4 73. Qf6+ Kd3 74. Qff8 Kd4 75. Kf6 Kd3 76. Ke7 Ke4 77. Kd8+ Kd4 78. Kc8 Kd3 79.
Kb8 Kd4 80. Ka8 Kd5 81. Qee7 Kd4 82. Qfd8+ Kc4 83. Qec7+ Kb3 84. Qdb8+ Ka4 85. Qc4+ Ka3 86. Qc3+ Ka2 87. Qc2+ Ka3 88. Qc1+ Ka4 89. Qc6+ Ka3 90. Qa6# 1-0

[Event "*** SCC Grand Prix: Titled Tuesday Blitz"]
[Site "Chess.com"]
[Date "2020.10.13"]
[Round "5"]
[White "mapleaff"]
[Black "AldokhinIvan"]
[Result "1-0"]
[WhiteElo "2365"]
[BlackElo "2537"]
[TimeControl "180+1"]
[EndTime "10:58:04 PDT"]
[Termination "mapleaff won by checkmate"]

1. d4 Nf6 2. c4 g6 3. Nc3 Bg7 4.
Nf3 d6 5. Bg5 O-O 6. e3 Nc6 7.
Be2 e5 8. dxe5 dxe5 9. Qxd8 Nxd8 10. Nxe5 Ne6 11. Bh4 Nc5 12. Nd3 Nfe4 13. Nxe4 Nxe4 14. Be7 Re8 15. Ba3 Bf5 16. O-O Rad8 17. Rfd1 b6 18.
Nf4 c5 19. Nd5 Rd6 20. f3 Ng5 21. Ne7+ Rxe7 22. Rxd6 Rxe3 23. Rd8+ Bf8 24. Kf2 Re7 25. Rad1 Ne6 26. R8d7 Nd4 27. Rxe7 Bxe7 28. Bd3 Be6 29. b3 Bd6 30. g3 h5 31. Be4 Be5 32. Kg2 Kg7 33.
Bb2 h4 34. Rd2 h3+ 35. Kf2 f5 36. Bd5 Bc8 37. f4 Bf6 38. Kf1 g5 39. fxg5 Be5 40. Re2 Bd6 41. Re8 Ba6 42. Rg8+ Kh7 43. g6+ Kh6 44. Bf7 Be5 45. Bc1+ f4 46. Bxf4+ Bxf4 47. gxf4 Bb7 48. Rh8+ Kg7 49. Rh7+ Kf6 50. Bd5 Bc8 51.
Rc7 Bf5 52. g7 Bh7 53. g8=Q Bxg8 54. Bxg8 Kf5 55. Bd5 Kxf4 56. Kf2 Nc2 57. Rf7+ Kg4 58. Rxa7 Nb4 59. Rg7+ Kf4 60. Rh7 Kg4 61. Be6+ Kf4 62.
Bxh3 Nd3+ 63. Kf1 Nb4 64. Bg2 Ke3 65. h4 Nxa2 66. Rf7 Nc1 67. h5 Nd3 68. h6 Ne5 69. Re7 Kf4 70. Rxe5 Kxe5 71. h7 Kd4 72. h8=Q+ Kd3 73.
Qb8 Kc2 74. Qxb6 Kc3 75. Qxc5 Kb2 76. Qb5 Kc2 77. c5 Kb2 78. c6 Ka2 79. c7 Kb2 80. Qc4 Ka2 81. b4+ Ka1 82. b5 Kb2 83. b6 Ka1 84. b7 Kb1 85. b8=Q+ Ka1 86. Qa6# 1-0

[Event "*** SCC Grand Prix: Titled Tuesday Blitz"]
[Site "Chess.com"]
[Date "2020.10.13"]
[Round "5"]
[White "Chessalary"]
[Black "Siemba"]
[Result "1-0"]
[WhiteElo "2291"]
[BlackElo "2411"]
[TimeControl "180+1"]
[EndTime "10:58:10 PDT"]
[Termination "Chessalary won by checkmate"]

1. d4 g5 2. Bxg5 Bg7 3. Nf3 c5 4. e3 Qb6 5. Nc3 cxd4 6. exd4 Nc6 7. Be3 Qxb2 8. Nd5 Nb4 9. Nxb4 Qxb4+ 10. Qd2 Qxd2+ 11.
Kxd2 d5 12. Bb5+ Bd7 13. Bxd7+ Kxd7 14. Rab1 Kc6 15. a4 e6 16. Rb5 Ne7 17. Rhb1 b6 18.
a5 Rhb8 19. Bf4 Rb7 20. R5b3 Nf5 21. Be5 f6 22. Bf4 b5 23. Rc3+ Kd7 24. g4 Nd6 25. Bxd6 Kxd6 26. a6 Rb6 27. Rc5 b4 28. Ke2 e5 29.
Ra5 e4 30. Nh4 Bf8 31. Nf5+ Ke6 32. Ne3 Rd8 33. f3 Bh6 34. Nf5 Bf8 35. fxe4 dxe4 36. Ke3 Rdb8 37. Kxe4 Rb5 38. Rxb5 Rxb5 39. Rd1 Rd5 40.
Ne3 Ra5 41. d5+ Kd7 42. Rf1 Rxa6 43. Nc4 Ke8 44. d6 Bxd6 45. Rxf6 Rc6 46. Nxd6+ Ke7 47. Kd5 Rxc2 48. Rf7+ Kd8 49. Rxa7 b3 50. Rb7 b2 51. Nc4 h5 52. gxh5 Rxh2 53. Kd6 Kc8 54. Rxb2 Rxh5 55. Nb6+ Kb7 56. Nd5+ Ka7 57. Kc6 Rh6+ 58. Kc5 Rg6 59. Ra2+ Kb7 60. Rb2+ Ka7 61. Rf2 Rh6 62. Rf7+ Kb8 63.
Nf6 Kc8 64. Kc6 Kd8 65. Kb7 Rh7 66. Nxh7 Ke8 67. Rg7 Kd8 68. Kc6 Ke8 69. Nf6+ Kf8 70. Rg5 Kf7 71. Ne4 Ke6 72. Rd5 Kf7 73. Kd7 Kg6 74.
Ke6 Kg7 75. Rg5+ Kh7 76. Kf7 Kh6 77. Re5 Kh7 78. Rh5# 1-0

[Event "*** SCC Grand Prix: Titled Tuesday Blitz"]
[Site "Chess.com"]
[Date "2020.10.13"]
[Round "5"]
[White "Parhamov"]
[Black "iwanyu"]
[Result "1/2-1/2"]
[WhiteElo "2959"]
[BlackElo "2815"]
[TimeControl "180+1"]
[EndTime "10:58:27 PDT"]
[Termination "Game drawn - insufficient material"]

1. e4 e5 2. Nf3 Nc6 3. Bc4 Nf6 4. d3 d6 5. c3 h6 6. b4 g5 7. Qb3 Qe7 8. Nbd2 Bg7 9. Nf1 a5 10. b5 a4 11. Qc2 Na5 12. Qxa4 O-O 13. Ne3 Bd7 14.
O-O Qe8 15. Rb1 Qb8 16. Qc2 Nxc4 17. Nxc4 Be6 18. Nfd2 Qa7 19. b6 cxb6 20. Nxb6 Rad8 21. c4 Nh5 22. Nf3 Nf4 23. Be3 Qa6 24. Nd5 Bg4 25.
Bxf4 exf4 26. Nd2 Ra8 27. h3 Bh5 28. Rfc1 Qxa2 29. Rxb7 Bd4 30. Ne7+ Kh8 31. Nf5 Qxc2 32. Rxc2 Ra1+ 33. Nf1 Bf6 34. Nxd6 Be5 35. c5 Re1 36. Nf5 Be2 37. Rxe2 Rxe2 38. d4 Rb8 39. Rxb8+ Bxb8 40. e5 Bxe5 41. dxe5 Rxe5 42. Nxh6 Kg7 43. Ng4 Rxc5 44. Ngh2 f5 45. Nf3 Kf6 46. h4 g4 47.
Ne1 Rc3 48. Nh2 Rc1 49. Kf1 Ra1 50. Ke2 Ra2+ 51. Kf1 Ra1 52. Ke2 Ra2+ 53. Kf1 Ke5 54. Nd3+ Ke4 55. Nc5+ Kd5 56. Nd3 Ke4 57. Nc5+ Kd4 58.
Ne6+ Ke5 59. Ng5 Ra1+ 60. Ke2 Rh1 61. Nf1 Rxh4 62. Nf7+ Kf6 63. Nd6 Rh8 64. Nd2 Rd8 65. N6c4 Rd4 66. Nb2 Kg5 67. Nd3 Rd8 68. Nb3 Re8+ 69.
Kd2 Ra8 70. Nd4 Ra2+ 71. Ke1 g3 72. Ne6+ Kf6 73. Nexf4 gxf2+ 74. Kf1 Ra4 75. Kxf2 Ra2+ 76. Kf3 Ra3 77. g3 Ra1 78. Nf2 Ra3+ 79. Kg2 Ra2 80. Nh3 Ra3 81. Ng1 Ra2 82. Nf3 f4 83. g4 Kg6 84.
Kf1 Ra1+ 85. Ke2 Ra2+ 86. Ke1 Ra1+ 87. Ke2 Ra2+ 88. Kf1 Ra1+ 89. Kg2 Ra2 90. Ng1 Kg5 91. Nh3+ Kh4 92. Kf3 Ra3+ 93. Kxf4 Ra4+ 94. Kf5 Rxg4 95. Nxg4 1/2-1/2

[Event "*** SCC Grand Prix: Titled Tuesday Blitz"]
[Site "Chess.com"]
[Date "2020.10.13"]
[Round "5"]
[White "pfalcon1949"]
[Black "natelleka"]
[Result "0-1"]
[WhiteElo "1934"]
[BlackElo "2178"]
[TimeControl "180+1"]
[EndTime "10:58:35 PDT"]
[Termination "natelleka won by checkmate"]

1. c4 e5 2. Nc3 Nf6 3. g3 d5 4.
cxd5 Nxd5 5. Bg2 Nb6 6. e3 Nc6 7. Nge2 Be7 8. O-O O-O 9. f4 h6 10. fxe5 Nxe5 11. d4 Nec4 12. b3 Nd6 13. Bb2 Bg4 14. Qe1 Re8 15. Qf2 Bg5 16. e4 c6 17.
e5 Qd7 18. exd6 Be3 19. Nf4 Bxf2+ 20. Rxf2 Qxd6 21. Raf1 Re7 22. Ne4 Qc7 23. h3 Bf5 24. Nc5 Rae8 25. g4 Bc8 26. Nh5 Re1 27. Bc3 Rxf1+ 28.
Rxf1 Nd5 29. Ba1 Ne3 30. Rf2 Nxg2 31. Kxg2 b6 32. Nd3 Qd6 33. Ne5 Qd5+ 34. Kh2 f6 35.
Ng6 Re3 36. Ng3 Re1 37. h4 Rxa1 38. Ne7+ Kf7 39. Nxd5 cxd5 40. g5 hxg5 41. hxg5 Kg6 42. gxf6 gxf6 43. Ne2 Bg4 44. Nf4+ Kf5 45. Nxd5+ Ke4 46.
Nxf6+ Kxd4 47. Nxg4 Kc3 48. Kg3 a5 49. Kh4 b5 50.
Kg5 a4 51. Rg2 axb3 52. axb3 Kxb3 53. Ne5 b4 54. Nd3 Ra5+ 55. Kf4 Kc3 56. Ke3 b3 57. Nc1 Re5+ 58. Kf4 b2 59. Na2+ Kb3 60. Kxe5 b1=Q 61. Rg3+ Kxa2 62. Rg4 Qe1+ 63. Re4 Qa5+ 64. Kd4 Qb4+ 65. Ke3 Qc3+ 66. Kf4 Kb2 67. Re3 Qf6+ 68. Ke4 Kc2 69. Rf3 Qe6+ 70. Kd4 Kd2 71. Rd3+ Ke2 72.
Rc3 Qf6+ 73. Kc4 Kd2 74. Rd3+ Kc2 75. Rd4 Qc6+ 76. Kb4 Kb2 77. Rc4 Qb6+ 78. Ka4 Qb3+ 79. Ka5 Qxc4 80. Kb6 Qd5 81. Ka6 Qc5 82. Kb7 Qd6 83. Ka7 Qc6 84. Kb8 Kb3 85. Ka7 Kb4 86.
Kb8 Kb5 87. Ka7 Qa6+ 88. Kb8 Qb6+ 89. Kc8 Qa6+ 90. Kd7 Kc5 91. Ke7 Kd5 92. Kf7 Ke5 93.
Ke7 Qb7+ 94. Kd8 Kd6 95. Ke8 Qe7# 0-1

[Event "*** SCC Grand Prix: Titled Tuesday Blitz"]
[Site "Chess.com"]
[Date "2020.10.13"]
[Round "5"]
[White "GigaQuparadze"]
[Black "TimofeevAr"]
[Result "0-1"]
[WhiteElo "2957"]
[BlackElo "2820"]
[TimeControl "180+1"]
[EndTime "10:59:04 PDT"]
[Termination "TimofeevAr won by resignation"]

1. e4 e5 2. Nf3 Nf6 3. Nxe5 d6 4. Nf3 Nxe4 5. d4 Be7 6. Bd3 Nf6 7. O-O O-O 8. Re1 Bg4 9. h3 Bh5 10. Nbd2 Nc6 11. c3 Re8 12. Nf1 Bf8 13. Rxe8 Qxe8 14.
Bg5 Ne4 15. Bf4 Nf6 16. Ng3 Bg6 17. Bg5 Be7 18. Nf5 Bxf5 19. Bxf5 h6 20. Bd2 Bf8 21. Qb3 Ne7 22. Re1 Qc6 23. Bd3 Qb6 24. Qc2 a5 25.
a4 c6 26. Bf4 Ned5 27. Bh2 Re8 28. Rxe8 Nxe8 29. Nd2 Qd8 30. Nc4 Ndf6 31. Qe2 d5 32. Ne5 Nd6 33. Bf4 Qe8 34. Qf3 Nde4 35. Be3 Bd6 36.
Ng4 Nxg4 37. Qxg4 Nf6 38. Qf5 Qe6 39. g3 Kf8 40. Kg2 Ke7 41. Qf3 Ne4 42. Bxe4 Qxe4 43.
Qxe4+ dxe4 44. c4 f5 45. f3 exf3+ 46. Kxf3 Ke6 47. h4 h5 48. b3 Bb4 49. Bf4 g6 50. Ke3 Be1 51. Ke2 Bc3 52. Kd3 Be1 53. Bc7 Kd7 54.
Bf4 Ke6 55. Ke2 Bc3 56. Be3 Bb4 57.
Bd2 Bd6 58. Kf3 Bc7 59. Bf4 Bd8 60. Ke2 Be7 61. Kd3 Bb4 62. Bd2 Bd6 63. Bf4 Bb4 64.
Ke2 Kd7 65. Be3 Bd6 66. Bf4 Bb4 67. d5 cxd5 68. cxd5 Bd6 69. Kd3 Bc5 70. Kc4 b6 71. Kb5 Bf2 72. Be5 Be3 73. Kc4 Bf2 74. Kc3 Be1+ 75. Kd3 Bf2 76. Bf4 Bc5 77. Be3 Bd6 78. Bf4 Bc5 79. Kc4 Bf2 80. b4 axb4 81. Kxb4 Bg1 82. Kb5 Bf2 83. Be5 Be3 84. Bb8 Bf2 85. Ba7 Bxg3 86. Bxb6 f4 87. Kc4 f3 88. Kd3 Bxh4 89.
a5 Kc8 90. a6 g5 91. d6 g4 92.
d7+ Kb8 93. Ke4 Ka8 94. Bf2 Be7 95. Kf5 Bd8 96. Kf4 Be7 97. Kg3 Bd8 98. Kf4 Be7 99.
Ke4 Bd8 100. Bg3 h4 101. Bf2 h3 102. Bg3 f2 103. Bxf2 h2 0-1

[Event "*** SCC Grand Prix: Titled Tuesday Blitz"]
[Site "Chess.com"]
[Date "2020.10.13"]
[Round "5"]
[White "Forantes"]
[Black "ViktoriyaTarasova"]
[Result "1-0"]
[WhiteElo "2432"]
[BlackElo "2248"]
[TimeControl "180+1"]
[EndTime "10:59:09 PDT"]
[Termination "Forantes won on time"]

1. Nf3 Nf6 2. g3 b6 3. Bg2 Bb7 4. O-O e6 5. d4 d5 6. Re1 Be7 7. c4 Nbd7 8. Nc3 O-O 9. b3 a5 10. Bg5 h6 11. Bf4 c5 12. Ne5 cxd4 13. Qxd4 Bc5 14. Qd2 Nxe5 15. Bxe5 Ng4 16. Bd4 Bb4 17. Qf4 e5 18. Qxg4 exd4 19. Qxd4 dxc4 20. Qxd8 Raxd8 21. Rac1 Bxg2 22. Kxg2 cxb3 23. axb3 Rd2 24. Red1 Rfd8 25. Rxd2 Rxd2 26. Na4 b5 27. Nb6 Rxe2 28. Rc8+ Kh7 29. Nd7 a4 30. bxa4 bxa4 31. Rc4 Rb2 32. Ne5 a3 33. Nd3 a2 34. Nxb2 a1=Q 35. Rxb4 Qa8+ 36.
f3 Qa5 37. Nd3 Qa6 38. Nf2 Qe2 39. Re4 Qb2 40. Re7 Kg6 41. Re4 f5 42. Re6+ Kf7 43. Rc6 Qe2 44. Rc7+ Kg6 45. Rc6+ Kh7 46. Rc7 h5 47.
Rc5 Qe6 48. Rc3 Qf6 49. Rc5 h4 50. Rd5 hxg3 51. hxg3 Qe6 52. Rd2 g5 53. Nh3 Kg6 54.
Kf2 Qb6+ 55. Kg2 Qc6 56. Rf2 Qb6 57. Re2 Qc6 58. Kh2 Qxf3 59. Re6+ Kg7 60. Nxg5 Qh5+ 61. Nh3 Kf7 62. Re1 Qg4 63. Rf1 Kf6 64. Rf4 Qe2+ 65. Rf2 Qh5 66. Rf4 Ke5 67. Rf2 Qg4 68. Rf4 Qh5 69. Rf2 Qd1 70. Kg2 Qd4 71. Rf4 Qd5+ 72. Kh2 Qd2+ 73. Rf2 Qh6 74. Kg2 Ke4 75. Rf4+ Ke5 76.
Rf2 Ke4 77. Re2+ Kd5 78. Nf4+ Kd4 79. Kf3 Qc6+ 80. Kf2 Qb6 81. Kf3 Qb3+ 82. Kg2 Qb7+ 83. Kh2 Qh7+ 84. Kg2 Qb7+ 85. Kh2 Qh7+ 86. Kg1 Qa7 87.
Kf2 Kc4+ 88. Kg2 Qb7+ 89. Kf1 Qh7 90. Rc2+ Kb3 91. Rg2 Qh1+ 92. Kf2 Qb1 93. Rg1 Qc2+ 94. Kf3 Qc3+ 95. Kg2 Qc2+ 96. Kh3 Qc7 97. Re1 Ka2 98.
Re2+ Ka3 99. Re6 1-0

[Event "*** SCC Grand Prix: Titled Tuesday Blitz"]
[Site "Chess.com"]
[Date "2020.10.13"]
[Round "5"]
[White "chessplayer9919"]
[Black "Alexander_Moskalenko"]
[Result "1/2-1/2"]
[WhiteElo "2606"]
[BlackElo "2812"]
[TimeControl "180+1"]
[EndTime "10:59:36 PDT"]
[Termination "Game drawn - insufficient material"]

1. d4 d5 2. c4 c6 3. Nf3 Nf6 4. Nc3 e6 5. cxd5 exd5 6. Bf4 Bf5 7. e3 Nbd7 8. Bd3 Bxd3 9. Qxd3 Be7 10. O-O O-O 11.
Ne5 a5 12. Na4 Re8 13. h3 Nxe5 14. Bxe5 Nd7 15. Bh2 Nb6 16. Nc5 Bxc5 17. dxc5 Nd7 18. Bd6 Qf6 19. Qc3 Qxc3 20. bxc3 Re6 21. c4 dxc4 22. Rfd1 b5 23. cxb6 Nxb6 24. Rac1 h5 25.
Bc5 Na4 26. Bd4 c5 27. Rxc4 cxd4 28. Rxa4 dxe3 29. fxe3 Rxe3 30. Rd5 Re1+ 31. Kh2 Rae8 32. Rxh5 g6 33. Rhxa5 R8e2 34. Rg5 Ra1 35. Rga5 Kg7 36. Ra7 Rf1 37. Rg4 Rf5 38. a4 Ra2 39. Rb4 Rff2 40.
Rg4 Ra1 41. a5 Rff1 42. a6 Ra3 43. Rb4 Ra2 44. Rg4 Rff2 45. Rg3 Kh6 46. Ra8 f5 47. a7 Kg7 48. Rxg6+ Kxg6 49. Rg8+ Kf6 50. a8=Q Rxa8 51. Rxa8 f4 52. Rf8+ Ke5 53. h4 Ra2 54. Kh3 Ra3+ 55. Kh2 Ke4 56. h5 Ra5 57. Rh8 Kf5 58.
h6 Kg6 59. Rf8 Rh5+ 60. Kg1 Kg5 61. Kf2 Rxh6 62. Rg8+ Kf5 63. Ra8 Ke5 64. Ra5+ Ke4 65. Ra4+ Kf5 66. Kf3 Rb6 67. Rxf4+ Kg5 68. Rg4+ Kh5 69.
Rf4 Rb3+ 70. Kf2 Kg5 71. g3 Rb2+ 72. Kf3 Rb3+ 73. Kg2 Rb1 74. Kh3 Rh1+ 75. Kg2 Ra1 76. Rb4 Ra5 77. Kh3 Rc5 78. Rh4 Rc1 79. Ra4 Rc5 80. Ra8 Rc4 81. Rg8+ Kh5 82. g4+ Kh6 83.
Kh4 Rc1 84. g5+ Kh7 85. Ra8 Rh1+ 86. Kg4 Rg1+ 87. Kf4 Rf1+ 88. Ke5 Kg6 89. Rg8+ Kf7 90. Ra8 Kg6 91. Rg8+ Kh5 92. g6 Kg5 93. Ke6 Rf2 94. Ke7 Kh6 95. g7 Kg6 96. Rf8 Re2+ 97. Kd7 Kxg7 98. Rf1 Rd2+ 99. Ke6 Re2+ 100. Kf5 Rg2 101. Rd1 Kh6 102. Ke4 Kg5 103. Kd3 Kf4 104. Rd2 Rg3+ 105. Kc2 Ke4 106. Re2+ Kd4 107. Rd2+ Kc4 108. Re2 Ra3 109. Kd2 Kd4 110. Ke1 Rf3 111. Kd2 Rf8 112. Ke1 Kd3 113. Rd2+ Ke3 114. Re2+ Kd3 115. Rd2+ Kc3 116. Re2 Rf3 117. Rf2 Rh3 118. Ke2 Kd4 119. Rf4+ Ke5 120. Rf3 Rxf3 121. Kxf3 1/2-1/2

[Event "*** SCC Grand Prix: Titled Tuesday Blitz"]
[Site "Chess.com"]
[Date "2020.10.13"]
[Round "6"]
[White "Siemba"]
[Black "barbara25"]
[Result "1-0"]
[WhiteElo "2416"]
[BlackElo "2255"]
[TimeControl "180+1"]
[EndTime "11:01:02 PDT"]
[Termination "Siemba won by resignation"]

1. e4 c5 2. Nf3 d6 3. d4 cxd4 4. e5 dxe5 5. c3 dxc3 6. Qxd8+ Kxd8 7. Nxc3 f6 8. Be3 Ke8 9. Nd5 Kf7 10. Nc7 e6 11.
Nxa8 Bb4+ 12. Bd2 Bd6 13. Rc1 Ne7 14. Nc7 1-0

[Event "*** SCC Grand Prix: Titled Tuesday Blitz"]
[Site "Chess.com"]
[Date "2020.10.13"]
[Round "6"]
[White "baki83"]
[Black "Superfelix"]
[Result "1-0"]
[WhiteElo "2756"]
[BlackElo "2487"]
[TimeControl "180+1"]
[EndTime "11:02:04 PDT"]
[Termination "baki83 won by resignation"]

1. e4 c6 2. Nf3 g6 3. d3 d5 4. h4 h5 5. Nbd2 Bg7 6. c3 b6 7. Qc2 Nd7 8. d4 dxe4 9. Nxe4 Ngf6 10. Neg5 Nd5 11. Ne6 fxe6 12. Qxg6+ Kf8 13. Ng5 Ne5 14. dxe5 Qe8 15. Nh7+ Rxh7 16. Qxh7 c5 17. Bh6 Qf7 18. Qh8+ 1-0

[Event "*** SCC Grand Prix: Titled Tuesday Blitz"]
[Site "Chess.com"]
[Date "2020.10.13"]
[Round "6"]
[White "WiktoriaPOL"]
[Black "kidagent"]
[Result "0-1"]
[WhiteElo "2055"]
[BlackElo "2278"]
[TimeControl "180+1"]
[EndTime "11:02:49 PDT"]
[Termination "kidagent won by resignation"]

1. c4 c6 2. Nf3 d5 3. e3 Nf6 4.
Nc3 g6 5. b3 Bg7 6. Bb2 O-O 7.
cxd5 cxd5 8. d4 Bg4 9. h3 Bf5 10. Nh4 Bd7 11. Bd3 Nc6 12. O-O e5 13. dxe5 Nxe5 14.
Bc2 Be6 15. Nf3 Nxf3+ 16. Qxf3 Rc8 17. Bd3 Ne4 18. Bxe4 dxe4 19. Qxe4 Bxc3 20. Rfd1 Qf6 21. Bxc3 Rxc3 0-1

[Event "*** SCC Grand Prix: Titled Tuesday Blitz"]
[Site "Chess.com"]
[Date "2020.10.13"]
[Round "6"]
[White "Shield12"]
[Black "tlomigtlis"]
[Result "1-0"]
[WhiteElo "2829"]
[BlackElo "2636"]
[TimeControl "180+1"]
[EndTime "11:02:53 PDT"]
[Termination "Shield12 won by checkmate"]

1. e4 c5 2. Nf3 d6 3. d4 cxd4 4. Qxd4 a6 5. Be2 Nc6 6. Qe3 g6 7. h3 Bg7 8. O-O Nf6 9. c4 O-O 10. Nc3 Nd7 11. Rd1 b6 12. b3 Bb7 13. Bb2 Nc5 14.
Rac1 Ne6 15. Qd2 Qd7 16. Nd5 Qd8 17. Bxg7 Kxg7 18. Qe3 b5 19. cxb5 axb5 20. Bxb5 Ne5 21. Nxe5 dxe5 22. Nb6 Nd4 23. Nxa8 Qxa8 24. Rxd4 exd4 25.
Qxd4+ f6 26. Rc7 Rf7 27. Bc4 Rf8 28. Rxe7+ Kh8 29. e5 Rd8 30. Rxh7+ Kxh7 31. Qh4+ Kg7 32. exf6+ Kf8 33. Qh8# 1-0

[Event "*** SCC Grand Prix: Titled Tuesday Blitz"]
[Site "Chess.com"]
[Date "2020.10.13"]
[Round "6"]
[White "Natalya_Buksa"]
[Black "vovachesss"]
[Result "0-1"]
[WhiteElo "2513"]
[BlackElo "2681"]
[TimeControl "180+1"]
[EndTime "11:02:57 PDT"]
[Termination "vovachesss won by resignation"]

1. d4 Nf6 2. Nc3 d5 3. Bf4 a6 4. e3 c5 5. Nf3 Nc6 6. dxc5 e6 7.
Na4 Bxc5 8. Nxc5 Qa5+ 9. c3 Qxc5 10. Bd3 O-O 11. O-O Re8 12. Ne5 Nxe5 13. Bxe5 Nd7 14. Bg3 e5 15. Bc2 Nf6 16. Qf3 Bg4 17. b4 Qc6 18. b5 axb5 19. Bxh7+ Kxh7 0-1

[Event "*** SCC Grand Prix: Titled Tuesday Blitz"]
[Site "Chess.com"]
[Date "2020.10.13"]
[Round "6"]
[White "NikolaGry"]
[Black "Zkid"]
[Result "0-1"]
[WhiteElo "2631"]
[BlackElo "2816"]
[TimeControl "180+1"]
[EndTime "11:03:23 PDT"]
[Termination "Zkid won by resignation"]

1. d4 d5 2. Nf3 Nf6 3. c4 dxc4 4. Qa4+ c6 5. Qxc4 Bf5 6. e3 e6 7. Bd3 Bxd3 8. Qxd3 Nbd7 9. O-O Bd6 10. Nc3 O-O 11.
e4 e5 12. Bg5 exd4 13. Qxd4 Bc5 14. Qd2 h6 15. Bh4 Ne5 16. Qxd8 Nxf3+ 17. gxf3 Rfxd8 18. Rfd1 Bd4 19. Rd3 Bxf2+ 0-1

[Event "*** SCC Grand Prix: Titled Tuesday Blitz"]
[Site "Chess.com"]
[Date "2020.10.13"]
[Round "6"]
[White "ural58"]
[Black "salomez"]
[Result "1-0"]
[WhiteElo "2334"]
[BlackElo "2162"]
[TimeControl "180+1"]
[EndTime "11:03:29 PDT"]
[Termination "ural58 won by resignation"]

1. e4 c5 2. b3 d6 3. Bb2 Nf6 4. Bxf6 gxf6 5. Qh5 e6 6. Nc3 Be7 7. f4 Nc6 8. f5 O-O 9. Nf3 Ne5 10. Be2 Qd7 11. O-O exf5 12. exf5 d5 13. Nxe5 fxe5 14. f6 Bxf6 15. Rxf6 1-0

[Event "*** SCC Grand Prix: Titled Tuesday Blitz"]
[Site "Chess.com"]
[Date "2020.10.13"]
[Round "6"]
[White "Colombiano07"]
[Black "Evachess2006"]
[Result "1-0"]
[WhiteElo "2243"]
[BlackElo "1619"]
[TimeControl "180+1"]
[EndTime "11:03:29 PDT"]
[Termination "Colombiano07 won by checkmate"]

1. d4 d5 2. Nc3 Nf6 3. Bg5 h6 4. Bxf6 exf6 5. e3 Bb4 6. Ne2 O-O 7. a3 Ba5 8. b4 Bb6 9. Nf4 c6 10. Bd3 Be6 11. Qh5 Nd7 12. Nxe6 fxe6 13. Qg6 Qe7 14. Qh7+ Kf7 15. Bg6# 1-0

[Event "*** SCC Grand Prix: Titled Tuesday Blitz"]
[Site "Chess.com"]
[Date "2020.10.13"]
[Round "6"]
[White "Balla_Tamas"]
[Black "wanyaland"]
[Result "1-0"]
[WhiteElo "2460"]
[BlackElo "2294"]
[TimeControl "180+1"]
[EndTime "11:03:33 PDT"]
[Termination "Balla_Tamas won by resignation"]

1. d4 d5 2. Bf4 c5 3. e3 Nc6 4.
c3 Nf6 5. Bd3 e6 6. Nd2 Bd6 7.
Bg3 Qe7 8. Ngf3 e5 9. dxe5 Nxe5 10.
Nxe5 Bxe5 11. Bxe5 Qxe5 12. Bb5+ Bd7 13. Nf3 Qh5 14. Bxd7+ Nxd7 15. Qb3 O-O-O 16. O-O-O Nb6 17. Qa3 c4 18. Qxa7 Kc7 19. Qa5 Rd6 20. Nd4 Kb8 21.
Nb5 Rc6 22. a4 Re8 23. Qa7+ Kc8 24. a5 Nd7 25. Qa8+ Nb8 26. Na7+ Kc7 27. Nxc6 Kxc6 28. Qa7 Kc7 29. Qc5+ 1-0

[Event "*** SCC Grand Prix: Titled Tuesday Blitz"]
[Site "Chess.com"]
[Date "2020.10.13"]
[Round "6"]
[White "smshk35"]
[Black "Legendinunknown"]
[Result "0-1"]
[WhiteElo "2468"]
[BlackElo "2610"]
[TimeControl "180+1"]
[EndTime "11:03:39 PDT"]
[Termination "Legendinunknown won by checkmate"]

1. e4 e5 2. Nf3 Nc6 3. Bb5 a6 4. Ba4 Nf6 5. O-O b5 6. Bb3 Bb7 7. d4 Nxd4 8. Nxd4 exd4 9. e5 Ne4 10. Nd2 Nc5 11. Qg4 Nxb3 12. Nxb3 c5 13. Bg5 Qb6 14. c3 Qg6 15. Qf4 h6 16. Bh4 Qxg2# 0-1